 Dungeon Crawl Stone Soup version 0.27.1-34-g3ba077fa99 (webtiles) character file.

Game seed: 8609286158914420792

1653623 Kagerou the Slayer (level 27, 328/328 HPs)
             Began as a Felid Delver on Jan 10, 2022.
             Was the Champion of Okawaru.
             Escaped with the Orb
             ... and 3 runes on Jan 12, 2022!
             The game lasted 07:10:26 (79962 turns).

Kagerou the Slayer (Felid Delver)                  Turns: 79962, Time: 07:10:27

Health: 328/328    AC: 20    Str: 20    XL:     27
Magic:  48/48      EV: 22    Int: 21    God:    Okawaru [******]
Gold:   4386       SH:  0    Dex: 25    Spells: 12/58 levels left
                                        Lives:  2   Deaths: 0

rFire    + + .     SeeInvis +     - Unarmed
rCold    . . .     Faith    .   (shield unavailable)
rNeg     . . .     Spirit   .   (armour unavailable)
rPois    +         Reflect  .   (helmet unavailable)
rElec    .         Harm     .   (cloak unavailable)
rCorr    .         Rampage  .   (gloves unavailable)
Will     ++++.     Rnd*Tele +   (boots unavailable)
Stlth    ..........             R - amulet of Moqoilorph {Acrobat +Inv rC+ Regen+}
HPRegen  1.64/turn              p - +4 ring of protection
MPRegen  0.31/turn              W - ring of wizardry

@: berserking, dragon-form, flying, very quick
A: dragon claw, dragon scales, breathe fire, flying, boosted hp, giant, (claws
1), (fangs 3), see invisible, (speed 1), (shaggy fur 3), (stealthy paws), no
weapons or thrown items, no armour, multi-lived, (iridescent scales 3), agile 2,
deterioration 1, high mp 1, strong 1, teleportitis 1, wild magic 1
0: Orb of Zot
}: 3/15 runes: barnacled, abyssal, gossamer
a: Breathe Fire, End Transformation, Renounce Religion, Evoke Invisibility,
Heroism, Finesse


You escaped.
You worshipped Okawaru.
Okawaru was exalted by your worship.
You were a fearsome dragon!
You visited 11 branches of the dungeon, and saw 50 of its levels.
You visited the Abyss 1 time.
You visited 2 bazaars.
You also visited: Trove, Bailey, Gauntlet and Ice Cave.

You collected 9903 gold pieces.
You spent 5517 gold pieces at shops.

Inventory:

Jewellery
 f - the ring of Arrival {rElec rF- rC+++ Dex+6}
   (You found it in a treasure trove)

   [ring of dexterity]

   Dex:       It affects your dexterity (+6).
   rF:        It makes you vulnerable to fire.
   rC:        It renders you almost immune to cold.
   rElec:     It insulates you from electricity.
 p - a +4 ring of protection (left foreclaw)
 B - a +4 ring of slaying
 I - the ring of Caguaczi {rF++ Will- Str+6 Int+4 Dex+2}
   (You found it in a treasure trove)

   [ring of strength]

   Str:       It affects your strength (+6).
   Int:       It affects your intelligence (+4).
   Dex:       It affects your dexterity (+2).
   rF:        It greatly protects you from fire.
   Will:      It decreases your willpower.
 K - the ring of Equilibrium {rC+ MP+9 Str-5 Int+10 Slay+2}
   (You found it in a treasure trove)

   [ring of protection from cold]

   Str:       It affects your strength (-5).
   Int:       It affects your intelligence (+10).
   Slay:      It affects your accuracy & damage with ranged weapons and melee
   (+2).
   rC:        It protects you from cold.
   MP:        It affects your magic capacity (+9).
 M - a ring of willpower
 Q - the ring of Idealism {Dex+6 Stlth+}
   (You found it on level 1 of the Spider Nest)

   [ring of dexterity]

   Dex:       It affects your dexterity (+6).
   Stlth:     It makes you more stealthy.
 R - the amulet of Moqoilorph (around neck) {Acrobat +Inv rC+ Regen+}
   (You found it in a treasure trove)

   [amulet of the acrobat]

   It increases your evasion while moving and waiting.
   rC:        It protects you from cold.
   +Inv:      It lets you turn invisible.
   Regen:     It increases your rate of health regeneration.
 U - a ring of resist corrosion
 W - a ring of wizardry (right foreclaw)
 X - a +4 ring of evasion
 Y - a ring of flight
 Z - the amulet "Mofaan" {Acrobat Str+2}
   (You took it off a deep elf annihilator on level 3 of the Elven Halls)

   [amulet of the acrobat]

   It increases your evasion while moving and waiting.
   Str:       It affects your strength (+2).
Wands
 i - a wand of iceblast (82)
 m - a wand of digging (20)
 n - a wand of flame (153)
 o - a wand of charming (15)
 q - a wand of polymorph (58)
 y - a wand of mindburst (90)
 P - a wand of acid (27)
 T - a wand of paralysis (36)
Scrolls
 c - 12 scrolls of amnesia
 k - 4 scrolls of fog
 s - 6 scrolls of fear
 t - 17 scrolls of teleportation
 u - 2 scrolls of silence
 v - 5 scrolls of vulnerability
 w - 4 scrolls of magic mapping
 x - 8 scrolls of blinking
 C - 3 scrolls of holy word
 O - 4 scrolls of summoning
 V - 11 scrolls of immolation
Potions
 a - 25 potions of curing
 d - 11 potions of attraction
 g - 2 potions of flight
 j - 13 potions of heal wounds
 r - 9 potions of invisibility
 z - 3 potions of resistance
 A - 5 potions of ambrosia
 D - 3 potions of berserk rage
 E - 7 potions of magic
 F - 4 potions of haste
 G - 5 potions of might
 L - 12 potions of brilliance
 S - a potion of cancellation
Miscellaneous
 b - a phantom mirror
 h - a phial of floods
 l - a lightning rod (4/4)
 H - a tin of tremorstones (2/2)
 J - a box of beasts
 N - a condenser vane


   Skills:
 * Level 25.9 Fighting
 - Level 22.0 Dodging
 - Level 22.0 Stealth
 - Level 22.0 Unarmed Combat
 - Level 16.0 Spellcasting
 - Level 3.0 Conjurations
 - Level 13.0 Hexes
 - Level 3.0 Translocations
 - Level 16.0 Transmutations
 - Level 2.0 Ice Magic
 - Level 3.0 Air Magic
 - Level 5.0 Earth Magic
 - Level 3.0 Poison Magic
 - Level 12.0 Invocations
 - Level 8.0 Evocations


You had 12 spell levels left.
You knew the following spells:

 Your Spells              Type           Power      Damage    Failure   Level
a - Apportation           Tloc           76%        N/A       1%          1
b - Blink                 Tloc           N/A        N/A       1%          2
e - Ensorcelled Hibernat  Hex/Ice        100%       N/A       1%          2
o - Mephitic Cloud        Conj/Pois/Air  38%        N/A       2%          3
p - Petrify               Tmut/Erth      68%        N/A       1%          4
s - Statue Form           Tmut/Erth      45%        N/A       4%          6
t - Tukima's Dance        Hex            75%        N/A       1%          3
A - Stone Arrow           Conj/Erth      86%        3d12      1%          3
D - Dragon Form           Tmut           41%        N/A       2%          7
F - Cause Fear            Hex            37%        N/A       1%          4
I - Invisibility          Hex            37%        N/A       1%          6
T - Confusing Touch       Hex            75%        N/A       1%          3
W - Passwall              Tmut/Erth      56%        N/A       1%          2

Your spell library contained the following spells:

 Spells                   Type           Power      Damage    Failure   Level
 Beastly Appendage        Tmut           100%       N/A       1%          1
 Corona                   Hex            83%        N/A       1%          1
 Freeze                   Ice            100%       1d11      1%          1
 Magic Dart               Conj           100%       1d8       1%          1
 Shock                    Conj/Air       100%       1d9       1%          1
 Sting                    Tmut/Pois      100%       1d8       1%          1
 Corpse Rot               Necr/Air       N/A        N/A       1%          2
 Poisonous Vapours        Pois/Air       76%        N/A       1%          2
 Slow                     Hex            75%        N/A       1%          2
 Static Discharge         Conj/Air       38%        N/A       1%          2
 Ignite Poison            Fire/Tmut/Pois 54%        N/A       1%          3
 Spider Form              Tmut/Pois      32%        N/A       1%          3
 Summon Guardian Golem    Hex/Summ       55%        N/A       1%          3
 Fulminant Prism          Conj/Hex       30%        3d16      1%          4
 Ice Form                 Ice/Tmut       63%        N/A       1%          4
 Leda's Liquefaction      Hex/Erth       31%        N/A       1%          4
 Blade Hands              Tmut           41%        N/A       1%          5
 Irradiate                Conj/Tmut      32%        3d24      1%          5
 Yara's Violent Unravell  Hex/Tmut       39%        3d16      1%          5
 Animate Skeleton         Necr           42%        N/A       2%          1
 Pain                     Necr           84%        1d8       2%          1
 Summon Small Mammal      Summ           84%        N/A       2%          1
 Gell's Gravitas          Tloc           19%        N/A       2%          3
 Lesser Beckoning         Tloc           19%        N/A       2%          3
 Swiftness                Air            38%        N/A       2%          3
 Teleport Other           Tloc           38%        N/A       2%          3
 Metabolic Englaciation   Hex/Ice        29%        N/A       2%          5
 Call Imp                 Summ           21%        N/A       3%          2
 Sublimation of Blood     Necr           10%        N/A       3%          2
 Conjure Flame            Conj/Fire      30%        6-21      3%          3
 Ozocubu's Armour         Ice            32%        N/A       3%          3
 Summon Mana Viper        Hex/Summ       55%        N/A       4%          5
 Call Canine Familiar     Summ           21%        N/A       6%          3
 Vampiric Draining        Necr           10%        2d7       6%          3
 Airstrike                Air            19%        N/A       6%          4
 Iskenderun's Mystic Bla  Conj/Tloc      38%        2d9       6%          4
 Passage of Golubria      Tloc           N/A        N/A       6%          4
 Eringya's Noxious Bog    Tmut/Pois      32%        N/A       6%          6
 Hailstorm                Conj/Ice       35%        3d9       7%          4
 Lee's Rapid Deconstruct  Erth           24%        3d14*     7%          5
 Sticky Flame             Conj/Fire      30%        2d5       11%         4
 Summon Lightning Spire   Summ/Air       30%        N/A       11%         4
 Lightning Bolt           Conj/Air       19%        1d33      16%         5
 Manifold Assault         Tloc           38%        N/A       16%         5
 Bolt of Magma            Conj/Fire/Erth 18%        4d10      17%         5
 Freezing Cloud           Conj/Ice/Air   18%        6-21      17%         5
 Animate Dead             Necr           10%        N/A       19%         4
 Dispel Undead            Necr           21%        3d11      19%         4
 Borgnjor's Vile Clutch   Necr/Erth      17%        N/A       19%         5
 Fireball                 Conj/Fire      15%        3d8       26%         5
 Summon Forest            Summ/Tloc      15%        N/A       26%         5
 Storm Form               Tmut/Air       32%        N/A       30%         7
 Starburst                Conj/Fire      15%        6d6       77%         6
 Simulacrum               Ice/Necr       13%        N/A       82%         6
 Death Channel            Necr           10%        N/A       91%         6
 Shadow Creatures         Summ           N/A        N/A       91%         6
 Orb of Destruction       Conj           19%        9d8       98%         7
 Malign Gateway           Summ/Tloc      15%        N/A       99%         7
 Spellforged Servitor     Conj/Summ      15%        N/A       99%         7
 Haunt                    Necr/Summ      10%        N/A       100%        7
 Summon Hydra             Summ           10%        N/A       100%        7
 Ignition                 Fire           10%        3d5       100%        8
 Infestation              Necr           10%        N/A       100%        8
 Maxwell's Capacitive Co  Air            19%        ∞         100%        8
 Chain Lightning          Conj/Air       19%        3d25      100%        9
 Dragon's Call            Summ           10%        N/A       100%        9
 Polar Vortex             Ice            16%        N/A       100%        9
 Shatter                  Erth           24%        3d21*     100%        9
 Portal Projectile        Hex/Tloc       Unusable   N/A       N/A         3
 Excruciating Wounds      Necr           Unusable   N/A       N/A         5

Dungeon Overview and Level Annotations

Branches:
Dungeon (15/15)            Temple (1/1) D:4            Lair (6/6) D:9
 Shoals (4/4) Lair:2       Spider (4/4) Lair:4        Slime (0/5) Lair:6
    Orc (2/2) D:10            Elf (3/3) Orc:2        Vaults (4/5) D:14
  Crypt (0/3) Vaults:2     Depths (5/5) D:15           Hell (visited)
    Zot (5/5) Depths:5     Bailey (visited)           IceCv (visited)
Gauntlet (visited)
    Dis: Hell:1         Geh: Hell:1         Coc: Hell:1         Tar: Hell:1

Altars:
Ashenzari
Cheibriados
Dithmenos
Elyvilon
Fedhas
Gozag
Hepliaklqana
Kikubaaqudgha
Makhleb
Nemelex Xobeh
Okawaru
Qazlal
Ru
Sif Muna
Trog
Uskayaw
Vehumet
Wu Jian
Xom
Yredelemnul
Zin
The Shining One
Beogh
Jiyva

Shops:
D:1 *   D:2 :   Orc:2 [?[*[   Elf:3 [::   Shoals:1 *   Shoals:2 [   Vaults:1 :
Vaults:3 (   Vaults:4 *   Depths:1 (   Depths:5 [(!*

Portals:
Hell: Depths:1 Depths:2 Depths:3 Depths:4 Depths:5
Abyss: Depths:3 Depths:4
Pandemonium: Depths:3
Ziggurat: Depths:3

Annotations:
D:6 1 runed translucent door, gnacko's ghost, novice DrFE
Vaults:3 3 runed translucent doors, AgonHex's ghost, veteran HOFi
Zot:3 exclusion: downstairs


Innate Abilities, Weirdness & Mutations

You are a fearsome dragon!
You have a powerful clawing attack.
Your giant scaled body is strong and resiliant, but less evasive.
You can breathe fire.
You are flying.
Your maximum health is greatly increased.
((You have sharp claws.))
((You have razor-sharp teeth.))
You have supernaturally acute eyesight. (SInv)
((You cover ground quickly. (Speed+)))
((Your thick and shaggy fur keeps you warm. (AC +3, rC+)))
((Your paws help you pounce on unaware monsters.))
You are incapable of wielding weapons or throwing items.
You cannot wear armour.
You gain extra lives every three experience levels.
((You are completely covered in iridescent scales. (AC +6)))
You are very agile. (Dex +4)
Your body sometimes deteriorates upon taking damage.
You have an increased reservoir of magic. (+10% MP)
Your muscles are strong. (Str +2)
You are occasionally teleported next to monsters.
Your spells are a little harder to cast, but a little more powerful.


Message History

Okawaru accepts your kill.
Unknown command.
Unknown command.
There is a stone staircase leading up here.
You climb upwards.
There is a stone staircase leading down here.
Unknown command.
An Orb Guardian comes into view.
Okay, then.
Search for what [Enter for "silence", or ? for help]? mutat Unknown command.
There is a staircase leading out of the dungeon here.
Really quaff the potion of mutation?
You feel extremely strange. The horns on your head shrink away.
You feel clever.
You no longer feel strong-willed.
Unknown command.
Unknown command.
Casting: Passwall (safe; 1% risk of failure)
Confirm with . or Enter, or press ? or * to list all spells.
You turn into a fearsome dragon!
You barely miss the Orb Guardian.
Your tail-slap misses the Orb Guardian.
Your claw misses the Orb Guardian. The Orb Guardian barely misses you.
You barely miss the Orb Guardian. You bite the Orb Guardian!!
You bite the Orb Guardian.
The Orb Guardian is moderately wounded.
The Orb Guardian hits you!!
You maul the Orb Guardian!!!
You kill the Orb Guardian!
Okawaru accepts your kill.
You start resting.
HP restored.
A red film seems to cover your vision as you go berserk!
You feel yourself moving faster!
You feel mighty! What are your orders? t - Roar!
Anything else - Cancel.
You roar wildly!
You feel a strong urge to attack something.
Magic restored.
You have escaped!

# #..##..# #.# # #
#..###.# #.## # # #..#
#.# ####..# # ###..#
#.## ##..##.#### .....#
##.#### ####.#.....X..
####.# ##...###
###...###.#..### #)#
###...###...###.........
#.#
##.......##.#...##....
#.#
###.D.###............
#.#
##......(##.......#...
#.#
###...###...###.....#...
#.# ##...###
###...##........ #.#
##.#### ######.#....(...
####.###.##
#...###.........
.........#
#.#...........#.
####..####
#.####.#.#.##.## ####..#
###......#+#.##.##


There were no monsters in sight!

Vanquished Creatures
  2 dread liches (Zot:5)
  4 orbs of fire
  An ancient lich (Zot:5)
  Mara (Depths:1)
  3 juggernauts
  Sojobo (Vaults:4)
  2 Killer Klowns (Zot:5)
  Saint Roka (Vaults:1)
  Geryon (Hell)
  A curse toe (Zot:4)
  A caustic shrike (Depths:3)
  Jory (Depths:5)
  7 golden dragons
  A profane servitor (Abyss:2)
  Arachne (Spider:4)
  A bone dragon (Depths:5)
  Nikola (Elf:2)
  2 Tzitzimimeh (Depths:4)
  4 electric golems
  Jorgrun (Spider:2)
  17 tentacled monstrosities
  A lich (Depths:5)
  27 Orb Guardians
  12 quicksilver dragons
  4 deep elf blademasters (Elf:3)
  2 deep elf master archers (Elf:3)
  2 sphinxes (Depths:5)
  8 titans
  2 tentacled starspawn (Abyss:4)
  10 death cobs
  Frances (D:14)
  A kraken (Shoals:4)
  6 shadow dragons
  3 tengu reavers
  An Executioner (Abyss:4)
  The ghost of Ubraesch the Brawler, an adept TrMo of Nemelex Xobeh (Depths:5)
  Roxanne (Shoals:4)
  21 storm dragons
  10 draconian monks
  2 fire giants (Depths:3)
  2 frost giants
  3 deep elf sorcerers
  6 draconian knights
  12 vault wardens
  7 ghost moths
  4 orc warlords
  Louise (Shoals:1)
  A balrug (Depths:4)
  Aizul (Shoals:1)
  8 draconian shifters
  4 draconian stormcallers
  4 emperor scorpions
  3 deep elf elementalists (Elf:3)
  10 draconian scorchers
  4 spriggan defenders
  11 draconian annihilators
  A ghoul (D:15)
  20 ironbound preservers
  2 reapers (Hell)
  15 very ugly things
  14 stone giants
  4 vampire knights
  13 red draconians
  Nessos (Lair:6)
  15 yellow draconians
  9 deep elf annihilators
  15 green draconians
  2 lorocyprocas
  20 black draconians
  The ghost of Stajl the Grappler, a journeyman TrFi of Makhleb (D:11)
  3 entropy weavers
  6 dire elephants
  7 deep elf demonologists
  9 spark wasps
  9 purple draconians
  Snorg (Orc:2)
  22 white draconians
  4 merfolk javelineers
  7 ettins
  2 crystal guardians (Vaults:2)
  7 deep elf death magi
  5 merfolk impalers
  A green death (Depths:2)
  10 fire dragons
  6 jiangshi
  Josephine (Lair:6)
  9 yaktaur captains
  7 hydras
  7 rakshasas
  7 great orbs of eyes
  4 deep elf high priests (Elf:3)
  Harold (D:7)
  A peacekeeper (Vaults:2)
  8 vault guards
  2 spriggan air magi (Depths:4)
  Erolcha (D:13)
  4 boulder beetles
  10 ironbound thunderhulks
  2 alligator snapping turtles (Shoals:4)
  6 catoblepae
  8 ice dragons
  10 ironbound frosthearts
  6 merfolk avatars
  Erica (D:9)
  3 merfolk aquamancers
  10 centaur warriors
  A death knight (D:15)
  35 dancing weapons
  4 vampire magi
  4 deep troll earth magi
  7 two-headed ogres
  6 satyrs
  9 deep troll shamans
  5 ironbound beastmasters
  5 tengu warriors
  An orc high priest (Elf:1)
  3 spriggan berserkers
  9 hell knights
  12 death yaks
  A storm dragon zombie (Depths:2)
  2 thrashing horrors
  Sonja (D:12)
  2 titan skeletons (Hell)
  20 deep elf knights
  7 soul eaters
  Urug (Orc:1)
  6 sun demons
  6 wretched stars
  7 iron trolls
  2 spatial maelstroms (Abyss:3)
  9 sea snakes
  3 sixfirhies
  4 skeletal warriors
  3 flayed ghosts
  7 large abominations
  3 salamander mystics (Depths:3)
  A fire crab (D:14)
  A deep troll (shapeshifter) (Depths:2)
  5 glowing orange brains
  A shadow wraith (Shoals:1)
  2 shadow demons
  64 deep trolls
  9 starcursed masses
  3 lindwurms (Vaults:2)
  An obsidian statue (Depths:4)
  A shadow dragon zombie (Hell)
  Pikel (D:4)
  A swamp dragon (Lair:6)
  12 deep elf archers
  An orange crystal statue (Depths:1)
  14 wizards
  13 ironbound convokers
  36 harpies
  19 deep elf zephyrmancers
  A frost giant zombie (Vaults:1)
  4 orc knights
  29 fauns
  2 wolf spider zombies (D:15)
  34 deep elf pyromancers
  7 necromancers
  2 stone giant zombies
  17 orb spiders
  5 orc sorcerers
  30 wolf spiders
  A fire giant zombie (Vaults:1)
  15 manticores
  52 ugly things
  5 oklob plants
  5 worldbinders
  9 salamanders (Depths:3)
  10 merfolk sirens
  4 guardian serpents
  3 water nymphs (Shoals:4)
  6 cyclopes
  A spriggan zombie (Hell)
  2 sphinx skeletons (Vaults:4)
  26 moths of wrath
  2 human skeletons
  A molten gargoyle (Depths:2)
  A stone giant skeleton (Vaults:1)
  10 apocalypse crabs
  14 vault sentinels
  11 elephants (Lair:6)
  13 black mambas
  17 cane toads
  2 smoke demons
  5 rust devils
  2 orange demons
  4 kobold demonologists
  2 torpor snails
  2 gargoyles
  5 unseen horrors
  The ghost of miilacz the Spear-Bearer, a novice MfGl of Dithmenos (D:5)
  An unseen horror (shapeshifter) (Abyss:2)
  2 freezing wraiths
  3 rime drakes
  A hellion (Abyss:4)
  2 ice devils
  32 yaktaurs
  11 komodo dragons
  3 tengu conjurers
  An ancient zyme (Abyss:2)
  A queen bee (D:11)
  A harpy zombie (D:15)
  21 demonic crawlers
  7 hellwings
  2 red devils
  2 elf skeletons
  7 trolls
  21 merfolk
  3 meliai (D:15)
  2 wind drakes (shapeshifter)
  Prince Ribbit (D:5)
  8 polar bears
  46 jumping spiders
  2 jumping spiders (shapeshifter)
  A merfolk (shapeshifter) (Elf:2)
  5 wind drakes
  11 blink frogs
  16 hornets
  10 raiju
  2 dream sheep (shapeshifter)
  6 snapping turtles
  A fire dragon zombie (Hell)
  An ettin zombie (Hell)
  8 dream sheep
  15 wyverns
  4 flying skulls (Abyss:3)
  A frost giant simulacrum (Depths:2)
  7 air elementals
  47 slime creatures
  A meliai zombie (D:15)
  5 spriggans
  Sigmund (D:2)
  23 water elementals
  A fire dragon skeleton (Hell)
  45 yaks
  2 fire elementals (Elf:2)
  An ettin skeleton (Hell)
  A shadow (D:12)
  3 vampires
  5 ynoxinuls
  104 redbacks
  3 wraiths
  27 tarantellas
  11 basilisks
  5 neqoxecs
  6 golden eyes
  2 fire bats (Depths:1)
  7 steam dragons
  A spriggan simulacrum (Depths:2)
  5 chaos spawn
  A death yak simulacrum (IceCv)
  Menkaure (D:4)
  16 vampire mosquitoes
  7 wargs
  5 acid dragons
  A spatial vortex (Abyss:3)
  11 small abominations
  Duvessa (D:4)
  A merfolk skeleton (Hell)
  26 water moccasins
  3 black bears
  52 orc warriors
  An ice beast (D:5)
  An orc zombie (Vaults:1)
  15 ogres
  2 swamp drakes (Lair:6)
  13 boggarts
  A tengu (D:10)
  A black mamba simulacrum (Hell)
  31 centaurs
  2 lemures
  A phantom (D:7)
  3 wolves (Lair:5)
  A centaur (shapeshifter) (D:15)
  4 kobold brigands
  A gnoll sergeant (D:13)
  10 bullfrogs
  A scorpion (D:5)
  4 earth elementals
  A water moccasin zombie (D:5)
  A wyvern zombie (D:8)
  A human simulacrum (Depths:2)
  Dowan (D:4)
  A water moccasin skeleton (D:4)
  13 killer bees
  5 wights (D:9)
  2 electric eels (Spider:2)
  3 howler monkeys
  6 centaur zombies
  2 bullfrog zombies
  15 orc priests
  4 hounds
  4 jellies
  Crazy Yiuf (D:3)
  2 centaur skeletons
  Ijyb (D:2)
  Terence (D:2)
  8 iguanas
  21 orc wizards
  5 hell rats (Lair:2)
  A polar bear simulacrum (IceCv)
  2 howler monkey zombies
  19 gnolls
  7 adders
  A shadow imp (D:8)
  5 white imps
  An ufetubus (Abyss:2)
  2 adder skeletons (D:4)
  4 worms
  A dart slug (D:3)
  78 orcs
  6 ball pythons
  4 endoplasms
  A giant cockroach (D:1)
  7 hobgoblins
  7 jackals
  5 quokkas
  A bat (D:1)
  2 frilled lizards
  15 goblins
  54 kobolds
  5 rats
  A lurking horror (Abyss:3)
  A starspawn tentacle (Abyss:4)
  4 tentacles (Shoals:4)
2444 creatures vanquished.

Vanquished Creatures (collateral kills)
  3 ettins
  A spriggan air mage (Depths:2)
  An orc sorcerer (Orc:2)
  An ugly thing (IceCv)
  A wolf spider (Spider:2)
  2 jumping spiders
  A hornet (Spider:4)
  2 tarantellas
  A redback (Spider:2)
  3 orc warriors (Orc:2)
  A kobold brigand (D:10)
  An orc priest (Orc:2)
  An orc (Orc:2)
19 creatures vanquished.

Vanquished Creatures (others)
  A shadow dragon (Zot:1)
  A draconian knight (Zot:5)
  A green draconian (Zot:4)
  A red draconian (Zot:1)
  A satyr (Shoals:2)
  A centaur warrior (Vaults:1)
  An iron troll (Depths:1)
  A deep troll (Vaults:1)
  An ironbound convoker (Vaults:2)
  2 deep elf zephyrmancers
  A rust devil (Hell)
  A water nymph (Shoals:2)
  A jumping spider (Spider:4)
  6 dancing weapons
  A redback (Spider:2)
  2 water elementals (Depths:1)
  A harpy simulacrum (IceCv)
  An orc warrior (Orc:2)
  A small abomination (Abyss:4)
  A wolf simulacrum (IceCv)
  An orc (Orc:2)
  8 demonic plants
  61 fungi
  333 plants
  19 starspawn tentacles (Abyss:4)
  4 tentacles (Shoals:4)
  2 toadstools (Depths:5)
  2 withered plants (Depths:5)
457 creatures vanquished.

Grand Total: 2920 creatures vanquished

Notes
Turn   | Place    | Note
-------+----------+-------------------------------------------
     0 | D:5      | Kagerou the Felid Delver began the quest for the Orb.
     0 | D:5      | Reached XP level 1. HP: 10/10 MP: 2/2
    25 | D:5      | Noticed an iguana
    54 | D:5      | Found a shadowy altar of Dithmenos.
    63 | D:5      | Kagerou: ??dith
    63 | D:5      | beem: dithmenos[1/3]: God of shadows. Grants the player an
                  | {umbra} at * piety ala TSO's halo, {shadow step} at **
                  | piety, {bleed smoke} at *** piety, a passive {shadow
                  | mimic}king your actions at **** piety, and {shadow form} at
                  | ***** piety.
   155 | D:5      | Noticed a water moccasin zombie
   177 | D:5      | Noticed a centaur
   242 | D:5      | Noticed an iguana
   242 | D:5      | Noticed an ice beast
   245 | D:4      | Noticed Menkaure
   254 | D:4      | Found a staircase to the Ecumenical Temple.
   263 | D:4      | Noticed a jelly
   394 | D:4      | Noticed an iguana
   406 | D:4      | Noticed Pikel
   406 | D:4      | Noticed a lemure
   407 | D:4      | Noticed a lemure
   408 | D:4      | Noticed a lemure
   409 | D:4      | Noticed a lemure
   414 | D:4      | Noticed a hound
   543 | D:3      | Found a glowing silver altar of Zin.
   543 | D:3      | Found an iron altar of Okawaru.
   793 | D:3      | Became a worshipper of Warmaster Okawaru
   866 | D:3      | Reached skill level 3 in Dodging
   866 | D:3      | Reached XP level 2. HP: 7/14 MP: 3/3
  1141 | D:3      | Found a burning altar of Makhleb.
  1597 | D:3      | Found a radiant altar of Vehumet.
  1833 | D:2      | Noticed Sigmund
  2312 | D:2      | Gained mutation: Your muscles are strong. (Str +2) [potion
                  | of mutation]
  2312 | D:2      | Gained mutation: You evolve. [potion of mutation]
  2312 | D:2      | Gained mutation: You are frail. (-10% HP) [potion of
                  | mutation]
  2316 | D:2      | Reached XP level 3. HP: 15/15 MP: 4/4
  2408 | D:2      | Noticed Terence
  2448 | D:1      | Reached skill level 7 in Stealth
  2481 | D:1      | Reached skill level 3 in Unarmed Combat
  3077 | D:1      | Found Remeywn's General Store.
  3087 | D:1      | Bought a scroll of teleportation for 33 gold pieces
  3126 | D:1      | Bought a potion of cancellation for 88 gold pieces
  3233 | D:1      | Gained mutation: Your body sometimes deteriorates upon
                  | taking damage. [evolution]
  3466 | D:2      | Noticed Ijyb
  3586 | D:2      | Reached XP level 4. HP: 18/18 MP: 5/5
  3853 | D:3      | Reached skill level 4 in Dodging
  4106 | D:3      | Found a runed translucent door.
  4107 | D:3      | Noticed Crazy Yiuf
  4274 | D:4      | Reached skill level 4 in Unarmed Combat
  4274 | D:4      | Reached XP level 5. HP: 21/21 MP: 6/6
  4320 | D:4      | Lost mutation: You are frail. (-10% HP) [evolution]
  4554 | D:3      | Killed a lemure
  4756 | D:4      | Killed a lemure
  4765 | D:4      | Noticed Duvessa
  4765 | D:4      | Noticed Dowan
  4773 | D:4      | Reached * piety under Okawaru
  4774 | D:4      | Reached skill level 4 in Fighting
  4877 | D:4      | Killed Dowan
  4878 | D:4      | Reached skill level 5 in Unarmed Combat
  4878 | D:4      | Gained mutation: You are covered in thick fur. (AC +2)
                  | [Felid growth]
  4878 | D:4      | Reached XP level 6. HP: 19/28 MP: 5/7
  5069 | D:4      | Killed Pikel
  5069 | D:4      | Reached ** piety under Okawaru
  5070 | D:4      | Reached skill level 6 in Unarmed Combat
  5070 | D:4      | Reached skill level 2 in Invocations
  5070 | D:4      | Reached skill level 5 in Dodging
  5070 | D:4      | Reached XP level 7. HP: 32/32 MP: 7/9
  5126 | D:4      | Found an opulent altar of Gozag.
  5296 | D:4      | Reached skill level 7 in Unarmed Combat
  5589 | D:4      | Reached *** piety under Okawaru
  5662 | Temple   | Entered the Ecumenical Temple
  5996 | D:4      | Killed Menkaure
  5997 | D:4      | Reached skill level 8 in Unarmed Combat
  5997 | D:4      | Reached XP level 8. HP: 15/36 MP: 8/10
  6088 | D:5      | Found a basalt altar of Yredelemnul.
  6197 | D:5      | Noticed miilacz's ghost (novice MfGl)
  6206 | D:5      | Found a transporter.
  6462 | D:5      | Reached skill level 6 in Dodging
  6497 | D:5      | Found a transporter.
  6756 | D:5      | Reached skill level 9 in Unarmed Combat
  6795 | D:5      | Noticed Prince Ribbit
  6805 | D:5      | Reached skill level 5 in Fighting
  6940 | D:5      | Reached skill level 3 in Invocations
  7046 | D:5      | Learned a level 3 spell: Stone Arrow
  7125 | D:6      | Noticed a gargoyle
  7126 | D:6      | Noticed a troll
  7196 | D:6      | Reached **** piety under Okawaru
  7466 | D:6      | Reached skill level 4 in Invocations
  7466 | D:6      | Reached XP level 9. HP: 40/40 MP: 11/13
  7505 | D:6      | Found a runed translucent door.
  7505 | D:6      | Found a shimmering altar of Xom.
  7505 | D:6      | Noticed gnacko's ghost (novice DrFE)
  7505 | D:6      | Noticed a +1 scimitar of chaos
  8342 | D:8      | Reached skill level 1 in Spellcasting
  8342 | D:8      | Reached skill level 1 in Conjurations
  8342 | D:8      | Reached skill level 1 in Earth Magic
  8393 | D:8      | Found a blossoming altar of Fedhas.
  8394 | D:8      | Found a shimmering blue altar of Sif Muna.
  8647 | D:8      | Reached skill level 2 in Earth Magic
  8761 | D:8      | Identified the +2 pair of gloves "Rarhet" {rPois Int+7
                  | Dex-4}
  9026 | D:9      | Reached skill level 3 in Earth Magic
  9026 | D:9      | Reached skill level 1 in Evocations
  9156 | D:9      | Reached skill level 2 in Evocations
  9290 | D:9      | Gained mutation: You possess an exceptional clarity of
                  | mind. [evolution]
  9463 | D:9      | Noticed Erica
  9471 | D:9      | Killed Erica
  9472 | D:9      | Reached skill level 2 in Spellcasting
  9472 | D:9      | Reached skill level 4 in Evocations
 10070 | D:9      | Reached skill level 2 in Conjurations
 10105 | D:9      | Reached skill level 3 in Spellcasting
 10122 | D:9      | Reached skill level 7 in Dodging
 10122 | D:9      | Reached XP level 10. HP: 44/44 MP: 15/15
 10139 | D:9      | Reached skill level 10 in Unarmed Combat
 10142 | D:9      | Noticed a cyclops
 10188 | D:10     | Entered Level 10 of the Dungeon
 10194 | D:10     | Reached ***** piety under Okawaru
 10200 | D:10     | Noticed a two-headed ogre
 10208 | D:10     | Killed a two-headed ogre
 10209 | D:10     | Reached skill level 6 in Fighting
 10209 | D:10     | Reached skill level 8 in Dodging
 10209 | D:10     | Reached skill level 5 in Evocations
 10470 | D:10     | Noticed a soul eater
 10549 | D:10     | Reached skill level 6 in Evocations
 10664 | D:10     | Reached skill level 7 in Evocations
 10792 | D:10     | Found a staircase to the Orcish Mines.
 10829 | D:10     | Gained mutation: You are partially covered in iridescent
                  | scales. (AC +2) [evolution]
 11214 | D:10     | Reached skill level 8 in Evocations
 11221 | D:10     | Reached skill level 8 in Stealth
 11254 | D:10     | Reached skill level 9 in Stealth
 11380 | D:7      | Identified the +1 ring mail of Zin's Pride {*Slow rN+
                  | Int+5}
 11530 | D:2      | Killed Sigmund
 11548 | D:2      | Killed Ijyb
 11716 | D:2      | Found Taoggup's Book Shop.
 11722 | D:2      | Bought a book of Burglary for 336 gold pieces
 11725 | D:2      | Learned a level 2 spell: Passwall
 11732 | D:2      | Learned a level 6 spell: Invisibility
 11974 | D:2      | Killed Terence
 11999 | D:2      | Gained mutation: Your body often deteriorates upon taking
                  | damage. [evolution]
 12084 | D:3      | Killed Crazy Yiuf
 12586 | D:4      | Found a staircase to the Ecumenical Temple.
 12890 | D:4      | Found an opulent altar of Gozag.
 13106 | D:4      | Killed Duvessa
 13107 | D:4      | Reached skill level 1 in Hexes
 13481 | D:5      | Killed Prince Ribbit
 13526 | D:5      | Reached skill level 2 in Hexes
 13814 | D:8      | Reached skill level 10 in Stealth
 13814 | D:8      | Reached XP level 11. HP: 38/48 MP: 16/16
 13936 | D:11     | Noticed a two-headed ogre
 13980 | D:10     | Reached skill level 3 in Hexes
 14016 | D:10     | Reached skill level 4 in Hexes
 14060 | D:11     | Found the +0 pair of fencer's gloves {Riposte Dex+3}
 14099 | D:11     | Found a transporter.
 14103 | D:11     | Found a transporter.
 14103 | D:11     | Found the +7 sceptre of Torment {pain, torment}
 14105 | D:11     | Noticed Stajl's ghost (journeyman TrFi)
 14106 | D:11     | Noticed a two-headed ogre
 14108 | D:11     | Killed a two-headed ogre
 14109 | D:11     | Reached skill level 6 in Hexes
 14130 | D:11     | Reached skill level 7 in Hexes
 14199 | D:11     | Reached skill level 8 in Hexes
 14226 | D:11     | Noticed a two-headed ogre
 14332 | D:11     | Found a flagged portal.
 14410 | Bailey   | Entered a bailey
 14639 | D:11     | Killed a two-headed ogre
 14754 | D:11     | Killed a two-headed ogre
 14754 | D:11     | Reached ****** piety under Okawaru
 14755 | D:11     | Reached skill level 9 in Hexes
 15294 | D:9      | Reached skill level 4 in Spellcasting
 15339 | D:9      | Reached skill level 10 in Hexes
 15532 | D:9      | Found a staircase to the Lair.
 15599 | D:9      | Reached skill level 11 in Hexes
 15786 | D:9      | Reached skill level 12 in Hexes
 15820 | D:9      | Noticed a centaur warrior
 15826 | D:9      | Killed a centaur warrior
 15828 | D:9      | Noticed a tengu warrior
 15830 | D:9      | Killed a tengu warrior
 15838 | D:9      | Gained mutation: Your thick and shaggy fur keeps you warm.
                  | (AC +3, rC+) [Felid growth]
 15838 | D:9      | Reached XP level 12. HP: 53/53 MP: 12/19
 15839 | D:9      | Noticed a centaur warrior
 15842 | D:9      | Killed a centaur warrior
 15850 | D:9      | Identified the +9 war axe "Qeojeh" {spect, MP+9}
 15856 | D:9      | Got Ojui's Almanac of Enthralling Conjuration
 15861 | D:9      | Got the Collected Works on Malediction
 15869 | D:9      | Learned a level 3 spell: Tukima's Dance
 16104 | Lair:1   | Entered Level 1 of the Lair of Beasts
 16143 | Lair:1   | Noticed a catoblepas
 16156 | Lair:1   | Killed a catoblepas
 16237 | Lair:1   | Reached skill level 9 in Dodging
 16397 | Lair:1   | Reached skill level 11 in Unarmed Combat
 16416 | Lair:1   | Reached skill level 7 in Fighting
 17166 | Lair:1   | Found a transporter.
 17168 | Lair:1   | Found a transporter.
 17169 | Lair:1   | Noticed a boulder beetle
 17169 | Lair:1   | Noticed a boulder beetle
 17546 | Lair:2   | Reached skill level 10 in Dodging
 17648 | Lair:2   | Noticed a death yak
 17648 | Lair:2   | Noticed a death yak
 17648 | Lair:2   | Noticed a death yak
 17649 | Lair:2   | Noticed a death yak
 17649 | Lair:2   | Noticed a death yak
 17651 | Lair:2   | Noticed a death yak
 17658 | Lair:2   | Killed a death yak
 17659 | Lair:2   | Reached skill level 8 in Fighting
 17659 | Lair:2   | Reached skill level 12 in Unarmed Combat
 17668 | Lair:2   | Killed a death yak
 17690 | Lair:2   | Gained mutation: Your spells are a little harder to cast,
                  | but a little more powerful. [evolution]
 17770 | Lair:2   | Killed a death yak
 17775 | Lair:2   | Killed a death yak
 17776 | Lair:2   | Reached skill level 5 in Spellcasting
 17781 | Lair:2   | Killed a death yak
 17798 | Lair:2   | Killed a death yak
 17812 | Lair:3   | Reached skill level 13 in Hexes
 18137 | Lair:2   | Reached XP level 13. HP: 58/58 MP: 16/22
 18248 | Lair:2   | Reached skill level 6 in Spellcasting
 18792 | Lair:2   | Gained mutation: You have an increased reservoir of magic.
                  | (+10% MP) [evolution]
 18985 | Lair:2   | Found a staircase to the Shoals.
 19605 | Lair:3   | Found a sacrificial altar of Ru.
 19779 | Lair:3   | Reached skill level 11 in Stealth
 20127 | Lair:4   | Reached skill level 7 in Spellcasting
 20134 | Lair:4   | Found a hole to the Spider Nest.
 20522 | Lair:4   | Reached skill level 12 in Stealth
 21079 | Lair:5   | Found the +2 shield of Resistance {rF++ rC++ Will++}
 21090 | Lair:5   | Reached skill level 13 in Stealth
 21099 | Lair:5   | Found a frozen archway.
 21108 | IceCv    | Entered an ice cave
 21109 | IceCv    | Found a transporter.
 21138 | IceCv    | Found a transporter.
 21242 | Lair:5   | Reached skill level 14 in Stealth
 22069 | Lair:6   | Entered Level 6 of the Lair of Beasts
 22071 | Lair:6   | Reached skill level 15 in Stealth
 22075 | Lair:6   | Reached skill level 5 in Invocations
 22089 | Lair:6   | Reached skill level 6 in Invocations
 22156 | Lair:6   | Noticed Nessos
 22156 | Lair:6   | Noticed Josephine
 22164 | Lair:6   | Killed Josephine
 22183 | Lair:5   | Reached XP level 14. HP: 47/63 MP: 20/27
 22211 | Lair:5   | Lost mutation: Your muscles are strong. (Str +2)
                  | [evolution]
 22630 | Lair:6   | Killed Nessos
 22772 | Lair:6   | Reached skill level 11 in Dodging
 22872 | Lair:6   | Reached skill level 13 in Unarmed Combat
 23051 | Lair:6   | Reached skill level 9 in Fighting
 23820 | Lair:6   | Found a viscous altar of Jiyva.
 23821 | Lair:6   | Found a staircase to the Slime Pits.
 24115 | Lair:6   | Identified the +5 scale mail "Wositim" {Harm}
 24452 | D:5      | Killed miilacz's ghost
 24488 | D:5      | Gained mutation: Your muscles are strong. (Str +2)
                  | [evolution]
 24571 | D:7      | Noticed Harold
 24581 | D:7      | Killed Harold
 24910 | D:7      | Found a sparkling altar of Nemelex Xobeh.
 24910 | D:7      | Found a transporter.
 25279 | D:11     | Killed Stajl's ghost
 25626 | D:2      | Bought a Trismegistus Codex for 336 gold pieces
 25630 | D:2      | Learned a level 3 spell: Mephitic Cloud
 25951 | D:12     | Reached skill level 1 in Air Magic
 25951 | D:12     | Reached skill level 1 in Poison Magic
 26010 | D:12     | Noticed Sonja
 26020 | D:12     | Killed Sonja
 26243 | D:12     | Reached skill level 2 in Air Magic
 26243 | D:12     | Reached skill level 2 in Poison Magic
 26725 | Orc:1    | Entered Level 1 of the Orcish Mines
 27560 | Orc:1    | Noticed Urug
 27570 | Orc:1    | Killed Urug
 27679 | Orc:2    | Entered Level 2 of the Orcish Mines
 27682 | Orc:2    | Noticed an orc warlord
 27769 | Orc:2    | Found Feklos's Antique Armour Emporium.
 27794 | Orc:2    | Reached XP level 15. HP: 68/68 MP: 18/29
 27800 | Orc:2    | Noticed an orc warlord
 27803 | Orc:2    | Reached skill level 3 in Conjurations
 27803 | Orc:2    | Reached skill level 3 in Air Magic
 27803 | Orc:2    | Reached skill level 3 in Poison Magic
 28049 | Orc:2    | Reached skill level 12 in Dodging
 28198 | Orc:2    | Killed an orc warlord
 28199 | Orc:2    | Reached skill level 14 in Unarmed Combat
 28368 | Orc:2    | Noticed Snorg
 28443 | Orc:2    | Killed Snorg
 28444 | Orc:2    | Reached skill level 10 in Fighting
 28463 | Orc:2    | Killed an orc warlord
 28481 | Orc:2    | Found Elul's Magic Scroll Boutique.
 28481 | Orc:2    | Found Junterey's Armour Emporium.
 28483 | Orc:2    | Found Lecliwnu's General Store.
 28485 | Orc:2    | Found Ceuxeur's Armour Shop.
 28497 | Orc:2    | Bought a scroll of identify for 28 gold pieces
 28497 | Orc:2    | Bought a scroll of identify for 28 gold pieces
 28499 | Orc:2    | Bought a wand of acid (10) for 392 gold pieces
 28499 | Orc:2    | Bought a scroll of silence for 105 gold pieces
 28499 | Orc:2    | Bought a scroll of teleportation for 42 gold pieces
 28504 | Orc:2    | Bought a scroll of acquirement for 780 gold pieces
 28504 | Orc:2    | Acquired 1370 gold pieces
 28508 | Orc:2    | Bought a scroll of teleportation for 45 gold pieces
 28508 | Orc:2    | Bought a scroll of teleportation for 45 gold pieces
 28508 | Orc:2    | Bought a scroll of fog for 30 gold pieces
 28815 | Orc:2    | Found a staircase to the Elven Halls.
 29068 | Orc:1    | Noticed an orc warlord
 29076 | Orc:1    | Killed an orc warlord
 29385 | D:13     | Identified the +11 broad axe "Femusm" {holy, rCorr Str+6}
 29490 | D:13     | Noticed Erolcha
 29497 | D:13     | Found a gate leading to a gauntlet.
 29499 | D:13     | Killed Erolcha
 29592 | Gauntlet | Entered a Gauntlet
 29592 | Gauntlet | Found a transporter.
 29592 | Gauntlet | Found a transporter.
 29601 | Gauntlet | Found a transporter.
 29611 | Gauntlet | Found a transporter.
 29626 | Gauntlet | Found a transporter.
 29636 | Gauntlet | Found a transporter.
 29696 | Gauntlet | Found a transporter.
 29708 | Gauntlet | Found a transporter.
 29719 | Gauntlet | Found a transporter.
 29736 | Gauntlet | Found a transporter.
 29740 | Gauntlet | Found a transporter.
 29828 | Gauntlet | Found a transporter.
 29969 | Gauntlet | Got the Collected Works on Igneous Transmigration
 30859 | D:13     | Reached skill level 13 in Dodging
 30967 | D:14     | Noticed Frances
 31115 | D:15     | Entered Level 15 of the Dungeon
 31200 | D:14     | Gained mutation: You are mostly covered in iridescent
                  | scales. (AC +4) [evolution]
 31759 | D:14     | Reached skill level 15 in Unarmed Combat
 31915 | D:14     | Reached skill level 11 in Fighting
 32002 | D:14     | Learned a level 2 spell: Ensorcelled Hibernation
 32309 | D:14     | Killed Frances
 32310 | D:14     | Reached skill level 1 in Ice Magic
 32413 | D:14     | Reached skill level 2 in Ice Magic
 32448 | D:14     | Reached skill level 14 in Dodging
 32565 | D:14     | Reached XP level 16. HP: 53/75 MP: 23/30
 32569 | D:14     | Found a gate to the Vaults.
 32986 | D:15     | Reached skill level 12 in Fighting
 32986 | D:15     | Reached skill level 1 in Transmutations
 32992 | D:15     | Reached skill level 2 in Transmutations
 33072 | D:15     | Reached skill level 3 in Transmutations
 33128 | D:15     | Learned a level 4 spell: Cause Fear
 33226 | D:15     | Reached skill level 4 in Transmutations
 33276 | D:15     | Reached skill level 5 in Transmutations
 33287 | D:15     | Reached skill level 6 in Transmutations
 33574 | D:15     | Reached skill level 7 in Transmutations
 33721 | D:15     | Found a staircase to the Depths.
 33730 | D:15     | Noticed an acid blob
 33898 | D:15     | Found a radiant altar of Vehumet.
 33950 | D:15     | Reached skill level 8 in Transmutations
 35022 | Lair:5   | Reached skill level 9 in Transmutations
 35103 | Spider:1 | Entered Level 1 of the Spider Nest
 35596 | Spider:1 | Identified the ring of Idealism {Dex+6 Stlth+}
 35768 | Spider:1 | Reached skill level 10 in Transmutations
 36541 | Spider:2 | Reached skill level 11 in Transmutations
 36548 | Spider:2 | Noticed Jorgrun
 36712 | Spider:2 | Killed Jorgrun
 37098 | Spider:2 | Reached skill level 12 in Transmutations
 37115 | Spider:1 | Learned a level 7 spell: Dragon Form
 37199 | Spider:2 | Reached XP level 17. HP: 79/79 MP: 26/32
 37710 | Spider:3 | Reached skill level 13 in Transmutations
 38588 | Spider:4 | Entered Level 4 of the Spider Nest
 38718 | Spider:4 | Reached skill level 14 in Transmutations
 38811 | Spider:4 | Reached skill level 8 in Spellcasting
 39089 | Spider:4 | Reached skill level 9 in Spellcasting
 39622 | Spider:4 | Reached skill level 15 in Transmutations
 39651 | Spider:4 | Learned a level 4 spell: Petrify
 39837 | Spider:4 | Noticed Arachne
 39901 | Spider:4 | Killed Arachne
 40112 | Spider:4 | Gained mutation: You have a pair of small horns on your
                  | head. [evolution]
 40490 | Spider:4 | Got a gossamer rune of Zot
 40749 | Shoals:1 | Entered Level 1 of the Shoals
 40749 | Shoals:1 | Noticed Louise
 40752 | Shoals:1 | Killed Louise
 40753 | Shoals:1 | Reached XP level 18. HP: 84/84 MP: 27/35
 40881 | Shoals:1 | Noticed Aizul
 40895 | Shoals:1 | Killed Aizul
 40999 | Shoals:1 | Found Zaxt's Assorted Antiques.
 41663 | Shoals:2 | Found Koyculo's Antique Armour Shop.
 41939 | Shoals:1 | Reached skill level 16 in Unarmed Combat
 42227 | Shoals:3 | Reached skill level 15 in Dodging
 42816 | Shoals:3 | Reached skill level 13 in Fighting
 43264 | Shoals:4 | Entered Level 4 of the Shoals
 43653 | Shoals:4 | Found a flickering gateway to a bazaar.
 43666 | Bazaar   | Entered a bazaar
 43723 | Bazaar   | Found Ytaidits's General Store.
 43737 | Bazaar   | Found Teapnuf's Book Shop.
 43765 | Bazaar   | Found Muylas's Jewellery Shop.
 43779 | Bazaar   | Found Wofez's Weapon Boutique.
 43888 | Bazaar   | Bought a potion of invisibility for 96 gold pieces
 43902 | Bazaar   | Bought a book of the Dryads for 418 gold pieces
 43931 | Bazaar   | Bought a ring of resist corrosion for 280 gold pieces
 44212 | Shoals:4 | Noticed Roxanne
 44274 | Shoals:4 | Reached skill level 17 in Unarmed Combat
 44362 | Shoals:4 | Killed Roxanne
 44503 | Shoals:4 | Gained mutation: You occasionally shout uncontrollably at
                  | your foes. [mutagenic glow]
 44691 | Shoals:4 | Reached skill level 16 in Dodging
 45067 | Shoals:4 | Got a barnacled rune of Zot
 45108 | Shoals:4 | Reached XP level 19. HP: 90/90 MP: 28/36
 45764 | Shoals:4 | Gained mutation: You have a pair of horns on your head.
                  | [evolution]
 46429 | Elf:1    | Entered Level 1 of the Elven Halls
 46440 | Elf:1    | Paralysed by an air elemental for 1 turns
 46450 | Elf:1    | Paralysed by an air elemental for 1 turns
 46673 | Elf:1    | Reached skill level 14 in Fighting
 46859 | Elf:1    | Reached skill level 18 in Unarmed Combat
 46891 | Elf:1    | Paralysed by an air elemental for 1 turns
 46996 | Elf:1    | Identified the +6 scale mail "Piogh" {+Inv Dex+3}
 47329 | Elf:1    | Reached skill level 10 in Spellcasting
 47806 | Elf:2    | Identified the +0 plate armour of the Tuna {rElec rF+++
                  | Regen+ MP-9}
 47820 | Elf:2    | Found a runed translucent gate.
 47820 | Elf:2    | Found a runed translucent gate.
 47822 | Elf:2    | Found a runed translucent gate.
 47947 | Elf:2    | Paralysed by an air elemental for 1 turns
 47951 | Elf:2    | Paralysed by an air elemental for 1 turns
 47959 | Elf:2    | Reached skill level 11 in Spellcasting
 48215 | Elf:2    | Paralysed by an air elemental for 1 turns
 48491 | Elf:2    | Learned a level 6 spell: Statue Form
 48664 | Elf:2    | Noticed Nikola
 48675 | Elf:2    | Killed Nikola
 48802 | Elf:2    | Reached skill level 4 in Earth Magic
 48847 | Elf:2    | Reached skill level 15 in Fighting
 49064 | Elf:2    | Reached skill level 5 in Earth Magic
 49079 | Elf:2    | Reached XP level 20. HP: 81/97 MP: 39/39
 49296 | Elf:3    | Entered Level 3 of the Elven Halls
 49400 | Elf:3    | Found Omment's Book Shop.
 49405 | Elf:3    | Found Loecewn's Book Shop.
 49408 | Elf:3    | Bought a book of Debilitation for 286 gold pieces
 49531 | Elf:3    | Found Focatt's Armour Shop.
 49660 | Elf:3    | Acquired Xequibox's Advanced Spellcraft
 49801 | Elf:3    | Got Sif Muna's Collected Works on the Glacier
 50499 | Elf:3    | Reached skill level 12 in Spellcasting
 51784 | Elf:3    | Identified the +2 robe of an ossuary {Str-4 Int+6}
 51884 | Elf:3    | Identified the +3 leather armour "Edghu" {Harm rF+}
 51984 | Elf:3    | Lost mutation: You are mostly covered in iridescent scales.
                  | (AC +4) [evolution]
 52200 | Elf:3    | Identified the amulet "Mofaan" {Acrobat Str+2}
 52496 | Elf:3    | Got Reregum's Secret Knowledge, Part One
 52505 | Elf:3    | Got Naet Vof's Papyrus of Toxic Lightness
 52677 | Elf:3    | Identified the +1 scale mail of Distant Shores {rElec rC++}
 53484 | Vaults:1 | Entered Level 1 of the Vaults
 53799 | Vaults:1 | Reached skill level 19 in Unarmed Combat
 53802 | Vaults:1 | Reached skill level 17 in Dodging
 54051 | Vaults:1 | Noticed Saint Roka
 54066 | Vaults:1 | Killed Saint Roka
 54356 | Vaults:1 | Reached XP level 21. HP: 102/102 MP: 31/41
 54448 | Vaults:1 | Found Xazuckuck's Book Shoppe.
 54983 | Vaults:2 | Reached skill level 16 in Fighting
 55127 | Vaults:2 | Found a flickering gateway to a bazaar.
 55168 | Bazaar   | Entered a bazaar
 55168 | Bazaar   | Found Fubruaxt's Armour Boutique.
 55168 | Bazaar   | Found Tosugih's Antique Armour Shop.
 55168 | Bazaar   | Found Ric Uxt's Weapon Shop.
 55970 | Vaults:2 | Found a staircase to the Crypt.
 55970 | Vaults:2 | Found an ancient bone altar of Kikubaaqudgha.
 55971 | Vaults:2 | Found a basalt altar of Yredelemnul.
 56363 | Vaults:2 | Reached skill level 18 in Dodging
 56363 | Vaults:2 | Reached skill level 20 in Unarmed Combat
 56691 | Vaults:3 | Gained mutation: Your muscles are very strong. (Str +4)
                  | [evolution]
 56752 | Vaults:3 | Reached skill level 17 in Fighting
 56869 | Vaults:3 | Gained mutation: You are occasionally teleported next to
                  | monsters. [mutagenic glow]
 57182 | D:10     | Lost mutation: Your muscles are very strong. (Str +4)
                  | [potion of mutation]
 57182 | D:10     | Lost mutation: You possess an exceptional clarity of mind.
                  | [potion of mutation]
 57182 | D:10     | Gained mutation: You are mostly covered in iridescent
                  | scales. (AC +4) [potion of mutation]
 57182 | D:10     | Gained mutation: You sometimes lose the ability to read
                  | scrolls when taking damage. [potion of mutation]
 57182 | D:10     | Gained mutation: You are agile. (Dex +2) [potion of
                  | mutation]
 57460 | Lair:6   | Lost mutation: You have a pair of horns on your head.
                  | [potion of mutation]
 57460 | Lair:6   | Lost mutation: You occasionally shout uncontrollably at
                  | your foes. [potion of mutation]
 57460 | Lair:6   | Gained mutation: You are very agile. (Dex +4) [potion of
                  | mutation]
 57503 | Lair:6   | Lost mutation: You are very agile. (Dex +4) [potion of
                  | mutation]
 57503 | Lair:6   | Lost mutation: You evolve. [potion of mutation]
 57503 | Lair:6   | Lost mutation: You sometimes lose the ability to read
                  | scrolls when taking damage. [potion of mutation]
 57503 | Lair:6   | Gained mutation: You have a considerably increased
                  | reservoir of magic. (+20% MP) [potion of mutation]
 57750 | Shoals:4 | Lost mutation: Your body often deteriorates upon taking
                  | damage. [potion of mutation]
 57750 | Shoals:4 | Lost mutation: You have a considerably increased reservoir
                  | of magic. (+20% MP) [potion of mutation]
 57750 | Shoals:4 | Gained mutation: You are completely covered in iridescent
                  | scales. (AC +6) [potion of mutation]
 57750 | Shoals:4 | Gained mutation: You are strong-willed. (Will+) [potion of
                  | mutation]
 58850 | Vaults:3 | Found Lennen's Weapon Emporium.
 58866 | Vaults:3 | Reached skill level 18 in Fighting
 59217 | Vaults:3 | Reached XP level 22. HP: 110/110 MP: 12/42
 59395 | Vaults:3 | Found a runed translucent gate.
 59395 | Vaults:3 | Found a runed translucent gate.
 59395 | Vaults:3 | Found a runed translucent gate.
 59398 | Vaults:3 | Noticed AgonHex's ghost (veteran HOFi)
 59625 | Vaults:3 | Identified the ring "Coulaint" {rF+ Str+2}
 60672 | Vaults:4 | Noticed Sojobo
 60684 | Vaults:4 | Killed Sojobo
 60776 | Vaults:4 | Found Zaggiy's General Store.
 60784 | Vaults:4 | Bought a lightning rod (4/4) for 480 gold pieces
 61468 | Depths:1 | Entered Level 1 of the Depths
 61492 | Depths:1 | Found Umafurph's Weapon Shoppe.
 61795 | Depths:1 | Found a gateway to Hell.
 61927 | Depths:1 | Noticed Mara
 61947 | Depths:1 | Noticed Kagerou's illusion
 62215 | Depths:1 | Noticed Kagerou's illusion
 62326 | Depths:1 | Killed Mara
 62327 | Depths:1 | Reached skill level 19 in Fighting
 62521 | Depths:1 | Identified the amulet "Gouhigh" {RegenMP Stlth+}
 63170 | Depths:2 | Reached skill level 21 in Unarmed Combat
 63183 | Depths:2 | Reached skill level 19 in Dodging
 63486 | Depths:2 | Reached XP level 23. HP: 116/116 MP: 43/43
 63543 | Depths:2 | Found a portal to a secret trove of treasure.
 63572 | Hell     | Entered the Vestibule of Hell
 63572 | Hell     | Noticed Geryon
 63596 | Hell     | Killed Geryon
 63787 | Depths:2 | You paid a toll of the horn of Geryon to enter a treasure
                  | trove
 63788 | Trove    | Entered a treasure trove
 63790 | Trove    | Identified the ring "Biqula" {Fire rPois rCorr}
 63792 | Trove    | Identified the ring of Arrival {rElec rF- rC+++ Dex+6}
 63794 | Trove    | Identified the ring "Ukajarph" {Fire Will- MP+9 Str+8}
 63796 | Trove    | Identified the ring "Pejierghe" {rElec Will- Str+6 Dex+3}
 63801 | Trove    | Identified the amulet "Lymo Hoadgh" {Acrobat Will+ Int+3}
 63806 | Trove    | Identified the ring of Caguaczi {rF++ Will- Str+6 Int+4
                  | Dex+2}
 63809 | Trove    | Identified the ring of Equilibrium {rC+ MP+9 Str-5 Int+10
                  | Slay+2}
 63811 | Trove    | Identified the ring "Muneam" {rPois Str+6}
 63812 | Trove    | Identified the amulet of Moqoilorph {Acrobat +Inv rC+
                  | Regen+}
 64500 | Depths:3 | Found a gateway to a ziggurat.
 64791 | Depths:2 | Found an ancient bone altar of Kikubaaqudgha.
 65123 | Depths:2 | Got Naevea's Reference Book on the Feathery Escort
 65441 | Depths:3 | Found a one-way gate to the infinite horrors of the Abyss.
 65516 | Depths:3 | Noticed a juggernaut
 65527 | Depths:3 | Noticed a caustic shrike
 65530 | Depths:3 | Killed a juggernaut
 65531 | Depths:3 | Reached skill level 20 in Fighting
 65535 | Depths:3 | Killed a caustic shrike
 65644 | Depths:3 | Noticed a juggernaut
 65654 | Depths:3 | Killed a juggernaut
 66110 | Depths:3 | Reached skill level 22 in Unarmed Combat
 66114 | Depths:3 | Reached skill level 20 in Dodging
 66338 | Depths:3 | Found a one-way gate leading to the halls of Pandemonium.
 67513 | Depths:4 | Reached XP level 24. HP: 123/123 MP: 41/43
 68150 | Depths:5 | Entered Level 5 of the Depths
 68160 | Depths:5 | Reached skill level 21 in Dodging
 68170 | Depths:5 | Reached skill level 21 in Fighting
 68181 | Depths:5 | Found a runed translucent door.
 68181 | Depths:5 | Noticed Ubraesch's ghost (adept TrMo)
 68185 | Depths:5 | Killed Ubraesch's ghost
 68256 | Depths:5 | Reached skill level 16 in Stealth
 68388 | Depths:5 | Identified the ring of the Sun {Fly rF+ EV+4 Dex+4 Slay-6}
 68466 | Depths:5 | Found a gate to the Realm of Zot.
 68525 | Depths:5 | Found Qack's Antique Weapon Boutique.
 68528 | Depths:5 | Found Giocall's General Store.
 68528 | Depths:5 | Found Otaontao's Armour Boutique.
 68529 | Depths:5 | Noticed a juggernaut
 68597 | Depths:5 | Found Laas's Distillery.
 68598 | Depths:5 | Killed a juggernaut
 68608 | Depths:5 | Bought a wand of mindburst (12) for 272 gold pieces
 68608 | Depths:5 | Bought a potion of heal wounds for 85 gold pieces
 68611 | Depths:5 | Bought a potion of cancellation for 160 gold pieces
 68611 | Depths:5 | Bought a potion of resistance for 200 gold pieces
 68611 | Depths:5 | Bought 2 potions of heal wounds for 200 gold pieces
 68611 | Depths:5 | Bought a potion of invisibility for 160 gold pieces
 68611 | Depths:5 | Bought a potion of brilliance for 80 gold pieces
 68611 | Depths:5 | Bought 2 potions of might for 160 gold pieces
 68613 | Depths:5 | Bought a potion of mutation for 160 gold pieces
 68762 | Depths:5 | Noticed Jory
 68768 | Depths:5 | Killed Jory
 69289 | Depths:4 | Voluntarily entered the Abyss.
 69321 | Abyss:2  | Found a corrupted altar of Lugonu.
 69326 | Abyss:2  | Learned a level 3 spell: Confusing Touch
 69507 | Abyss:2  | Found a blossoming altar of Fedhas.
 69696 | Abyss:2  | Found an ornate altar of the Wu Jian Council.
 70124 | Abyss:3  | Found a sparkling altar of Nemelex Xobeh.
 70755 | Abyss:4  | Found a corrupted altar of Lugonu.
 70827 | Abyss:4  | Found a sacrificial altar of Ru.
 70937 | Abyss:4  | Reached skill level 22 in Dodging
 70943 | Abyss:4  | Found a corrupted altar of Lugonu.
 71266 | Abyss:4  | Found a corrupted altar of Lugonu.
 71287 | Abyss:4  | Reached skill level 17 in Stealth
 71300 | Abyss:4  | Got an abyssal rune of Zot
 71524 | Abyss:5  | Entered Level 5 of the Abyss
 71538 | Abyss:5  | Reached skill level 22 in Fighting
 71538 | Abyss:5  | Reached XP level 25. HP: 130/130 MP: 43/43
 71559 | Depths:4 | Escaped the Abyss
 71563 | Depths:4 | Lost mutation: Your body often deteriorates upon taking
                  | damage. [potion of mutation]
 71563 | Depths:4 | Gained mutation: You are very agile. (Dex +4) [potion of
                  | mutation]
 71592 | Zot:1    | Entered Level 1 of the Realm of Zot
 71610 | Zot:1    | Reached skill level 18 in Stealth
 71780 | Zot:1    | Reached skill level 19 in Stealth
 71834 | Zot:1    | Learned a level 2 spell: Blink
 71933 | Zot:1    | Reached skill level 1 in Translocations
 71936 | Zot:1    | Reached skill level 2 in Translocations
 71941 | Zot:1    | Reached skill level 3 in Translocations
 71941 | Zot:1    | Reached XP level 26. HP: 97/134 MP: 30/43
 72002 | Zot:1    | Reached skill level 20 in Stealth
 72050 | Zot:1    | Reached skill level 21 in Stealth
 72561 | Zot:2    | Reached skill level 22 in Stealth
 72585 | Zot:2    | Noticed an orb of fire
 72611 | Zot:2    | Reached skill level 7 in Invocations
 72641 | Zot:2    | Killed an orb of fire
 72642 | Zot:2    | Reached skill level 8 in Invocations
 72648 | Zot:2    | Gained mutation: You are dopey. (Int -2) [mutagenic glow]
 72662 | Zot:1    | Gained mutation: Your body sometimes deteriorates upon
                  | taking damage. [mutagenic glow]
 72837 | Zot:2    | Reached skill level 9 in Invocations
 73236 | Zot:2    | Reached skill level 10 in Invocations
 73463 | Zot:2    | Reached skill level 11 in Invocations
 74444 | D:2      | Bought a book of Cantrips for 192 gold pieces
 74446 | D:2      | Learned a level 1 spell: Apportation
 75024 | Zot:3    | Reached skill level 12 in Invocations
 75483 | Zot:3    | Reached skill level 13 in Spellcasting
 75874 | Zot:3    | Reached XP level 27. HP: 138/138 MP: 38/45
 76024 | Zot:3    | Reached skill level 14 in Spellcasting
 76326 | Zot:4    | Reached skill level 15 in Spellcasting
 76840 | Zot:4    | Noticed an orb of fire
 76853 | Zot:4    | Killed an orb of fire
 76854 | Zot:4    | Reached skill level 16 in Spellcasting
 77208 | Zot:4    | Reached skill level 16 in Transmutations
 77843 | Zot:4    | Reached skill level 23 in Fighting
 78275 | Zot:5    | Entered Level 5 of the Realm of Zot
 78982 | Zot:5    | Noticed an ancient lich
 78993 | Zot:5    | Killed an ancient lich
 78994 | Zot:5    | Noticed an orb of fire
 79004 | Zot:5    | Killed an orb of fire
 79005 | Zot:5    | Reached skill level 24 in Fighting
 79043 | Zot:5    | Noticed a dread lich
 79051 | Zot:5    | Noticed a dread lich
 79054 | Zot:5    | Killed a dread lich
 79061 | Zot:5    | Killed a dread lich
 79174 | Zot:5    | Noticed an orb of fire
 79184 | Zot:5    | Killed an orb of fire
 79186 | Zot:5    | Reached skill level 25 in Fighting
 79313 | Zot:5    | Got the Orb of Zot
 79514 | Depths:1 | Noticed Sugisy the pandemonium lord
 79866 | D:3      | Noticed Iroel the pandemonium lord
 79936 | D:1      | Lost mutation: You have a pair of small horns on your head.
                  | [potion of mutation]
 79936 | D:1      | Lost mutation: You are dopey. (Int -2) [potion of mutation]
 79936 | D:1      | Lost mutation: You are strong-willed. (Will+) [potion of
                  | mutation]
 79962 | D:$      | Escaped with the Orb!

Illustrated notes

Levels and vault maps discovered:
D:1:      dpeg_arrival_simpleton_a, layout_basic, serial_shops, shop
D:2:      kennysheep_the_goblin_king, layout_loops_ring, serial_shops, shop,
          minmay_misc_feat_five, uniq_sigmund, uniq_terence
D:3:      layout_basic, mainiacjoe_overflow_paths,
          mainiacjoe_overflow_surrounded_room, lemuel_crystal_altar,
          mainiacjoe_overflow_concentric_impassable, grunt_decor_mini_mirrors,
          uniq_crazy_yiuf_cottage
D:4:      layout_layer_cave, nicolae_gozag_seed_capital, temple_pool_b,
          uniq_menkaure, uniq_pikel, uniq_duvessa
D:5:      minmay_goblin_kobold_castle, layout_basic, kennysheep_little_box,
          nicolae_dithmenos_through_a_glass_darkly, gammafunk_ghost_smash,
          uniq_prince_ribbit1
D:6:      layout_basic, ebering_ghost_xom, lightli_corner_chamber
D:7:      layout_cave_pools, grunt_nemelex_the_gamble, uniq_harold
D:8:      layout_rooms, grunt_temple_overflow_open
D:9:      minmay_the_grid_octo_2x2 [minmay_the_grid_octo_tetromino_candy,
          minmay_the_grid_octo_fan_narrow, minmay_the_grid_octo_teeth,
          minmay_the_grid_octo_prize_single_spiral], layout_basic,
          erik_lair_dragon, uniq_erica
D:10:     layout_irregular_city, orc_david_3
D:11:     layout_cross, gammafunk_ghost_hive, enter_bailey_2
D:12:     layout_roguey, nrook_guardian_serpent_double, uniq_sonja
D:13:     layout_long_grid, gauntlet_entry_generic, uniq_erolcha
D:14:     cheibrodos_breeding_chamber, layout_basic, david_vaults_5,
          hangedman_decor_opposing, minivault_23, uniq_frances
D:15:     gammafunk_enter_depths_forms, layout_basic, serial_undead,
          serial_undead_c, serial_undead_b, serial_undead_c, serial_undead_a,
          lemuel_doored_altar, minmay_diced_spiral
Temple:   minmay_temple_bridge_abc
Lair:1:   gammafunk_boulding_lane, layout_concentric_octagons, minivault_23,
          grunt_forest_large_clearing_hut
Lair:2:   layout_long_grid, minmay_shoals_entry_lonely_mermaid
Lair:3:   layout_regular_city, chequers_serial_rivers_marsh,
          chequers_serial_rivers_micro_b, lemuel_oklob_altar
Lair:4:   layout_roguey, spider_nest_entry_web_field, beast_lair_carwin_11
Lair:5:   layout_gridlike, portal_ice_cave_rime, grunt_forest_stairs_clearing,
          minmay_lair_oklob_chamber
Lair:6:   hangedman_lair_tendril_chambers, layout_long_grid,
          guppyfry_lair_end_dragon, dpeg_slime_entry_enclosed_altar,
          lemuel_old_faithful, uniq_nessos, uniq_josephine
Shoals:1: layout_shoals, serial_shops, shop, nicolae_shoals_hidden_pirate_stash,
          uniq_louise, uniq_aizul
Shoals:2: layout_shoals, serial_shops, shop_fountains,
          nicolae_shoals_stone_sculpture_thing
Shoals:3: layout_shoals
Shoals:4: shoals_end_grunt_garden, layout_shoals, serial_shops, bzr_in_the_mist,
          uniq_roxanne
Spider:1: layout_spider_delve
Spider:2: layout_spider_delve, nicolae_spider_cling_halls, uniq_jorgrun
Spider:3: layout_spider_delve, nicolae_spider_wall_of_niches
Spider:4: spider_rune_water, uniq_arachne
Orc:1:    layout_diamond_mine, mines1_david, uniq_urug
Orc:2:    st_orc_rangers, layout_caves, serial_shops, nicolae_shop_statue_plus,
          uniq_snorg
Elf:1:    nicolae_elf_arrival_aired_out, layout_loops_ring, minivault_28,
          fake_guardian_serpent_vault
Elf:2:    elven_hall_of_blades_hangedman_original [nicolae_blade_lattice],
          layout_gridlike, st_stairs_12, uniq_nikola
Elf:3:    minmay_elf_hall_circle, layout_onion_city, serial_shops, shop,
          minmay_shop_star
Vaults:1: vaults_room_fours, nicolae_vaults_hallways_thing, v_misc_14,
          v_misc_14, nicolae_vaults_circle_grid_a, v_misc_17,
          nicolae_vaults_ring_of_whatevers, nicolae_vaults_little_ls,
          grunt_vaults_bifocal, hangedman_vaults_snaps, ontoclasm_vaults_twist,
          grunt_vaults_hallway_short, v_rooms_3, hangedman_vaults_trim,
          ontoclasm_vaults_pinch, layout_vaults_maze_snakey, serial_shops,
          nicolae_shop_temple_entry_statues_fountains, uniq_saint_roka
Vaults:2: minmay_crypt_entry_necro_gods, v_misc_8,
          nicolae_vaults_little_squares_5, nicolae_vaults_specimen_jars,
          v_misc_11, vaults_mumra_hexcomb, nicolae_vaults_ring_of_whatevers,
          vaults_dpeg_encased_lava, vaults_room_pool, vaults_room_corners,
          grunt_vaults_focal, nicolae_vaults_border_crossing,
          layout_vaults_omnigrid, serial_shops, bzr_entry_lakeside
Vaults:3: biasface_vaults_ghost_orc_armoury, vaults_mumra_chevron_long,
          hangedman_vaults_stagger, hangedman_vaults_nodes,
          nicolae_vaults_little_squares_1, v_pattern_3,
          nicolae_vaults_three_branches, nicolae_vaults_what_the_h,
          vaults_room_fours, layout_vaults_omnicross, serial_shops, shop
Vaults:4: v_misc_4, ontoclasm_vaults_ring_large, vaults_room_grid,
          nicolae_vaults_little_squares_1, v_misc_2,
          nicolae_vaults_network_star, v_misc_22, vaults_dpeg_cross,
          nicolae_vaults_shelves_hall, v_misc_32, layout_vaults_omnibox,
          serial_shops, nicolae_diamond_shop, uniq_sojobo
Depths:1: layout_gridlike, serial_bayou_ford_a, hell_entry, serial_shops, shop,
          hangedman_glass_teeth, horrible_house_mu, serial_bayou_shore_a,
          uniq_mara
Depths:2: gammafunk_mikee_crab_dinner, layout_twisted_cross, grunt_metal_band,
          kiku_gazebo_garden_becter, enter_trove_3, kennysheep_random_hallway
Depths:3: evilmike_lava_path, layout_gridlike, enter_ziggurat_b,
          nicolae_abyss_entry_one_way_or_another, grunt_decor_resistance,
          hell_entry, grunt_pan_entry_spiral, minmay_misc_feat_cross
Depths:4: cheibrodos_tormentor_scu, layout_honeycomb, hell_entry,
          minmay_room_of_horrors, minmay_misc_feat_x, hangedman_devilish_allure
Depths:5: evilmike_zot_entry_diamond, layout_basic, hell_entry,
          gammafunk_ghost_grave, nrook_pool_corridor, minmay_gold_behind_fungi,
          lemuel_nasty_fountain, minmay_shoptagon, uniq_jory
Hell
Zot:1:    layout_onion_interference
Zot:2:    layout_concentric_octagons
Zot:3:    minmay_elemental_castle, layout_misc_corridors, grunt_megastairs_4,
          lemuel_elevator
Zot:4:    grunt_twist_and_shout, layout_onion_interference, zot_minivault_3
Zot:5:    layout_cathedral_of_symmetry

Skill      XL: |  1  2  3  4  5  6  7  8  9 10 11 12 13 14 15 16 17 18 19 20 21 22 23 24 25 26 27 |
---------------+----------------------------------------------------------------------------------+-----
Dodging        | 3 4 5 6 7 8 10 11 14 16 17 18 19 20 22 | 22.0
Stealth        | 7 10 15 17 19 22 | 22.0
Unarmed Combat | 3 4 5 6 8 9 10 12 13 15 17 18 19 20 21 22 | 22.0
Fighting       | 4 5 6 8 9 11 12 13 15 18 19 20 22 25 | 25.9
Invocations    | 2 4 6 12 | 12.0
Spellcasting   | 3 4 5 7 9 11 12 13 16 | 16.0
Conjurations   | 2 3 |  3.0
Earth Magic    | 3 5 |  5.0
Evocations     | 4 8 |  8.0
Hexes          | 2 12 13 | 13.0
Air Magic      | 2 3 |  3.0
Poison Magic   | 2 3 |  3.0
Ice Magic      | 2 |  2.0
Transmutations | 12 15 16 | 16.0
Translocations | 3 |  3.0

Action                   |  1- 3 |  4- 6 |  7- 9 | 10-12 | 13-15 | 16-18 | 19-21 | 22-24 | 25-27 || total
-------------------------+-------+-------+-------+-------+-------+-------+-------+-------+-------++-------
Melee: Unarmed           |   112 |   132 |   333 |   446 |   882 |  1208 |   917 |  1068 |   674 ||  5772
       Bite              |     9 |    17 |    22 |    48 |    75 |   115 |    70 |   115 |    64 ||   535
       Punch             |     1 |     2 |    17 |    31 |    44 |    87 |    70 |   109 |    59 ||   420
       Headbutt          |       |       |       |       |       |    83 |   118 |   190 |   110 ||   501
       Tailslap          |       |       |       |       |       |     7 |    11 |    11 |    11 ||    40
 Cast: Stone Arrow       |       |       |     7 |    22 |    51 |     9 |     2 |     1 |     3 ||    95
       Invisibility      |       |       |       |    18 |    77 |    82 |    44 |    43 |    32 ||   296
       Passwall          |       |       |       |     3 |    21 |    25 |    17 |    61 |    51 ||   178
       Mephitic Cloud    |       |       |       |       |    24 |    24 |    15 |    10 |       ||    73
       Tukima's Dance    |       |       |       |       |     7 |       |       |     8 |       ||    15
       Ensorcelled Hiber |       |       |       |       |     6 |     2 |    19 |    20 |     8 ||    55
       Cause Fear        |       |       |       |       |       |     8 |    12 |       |    15 ||    35
       Petrify           |       |       |       |       |       |     6 |    16 |     6 |     8 ||    36
       Dragon Form       |       |       |       |       |       |    18 |    28 |    17 |    17 ||    80
       Statue Form       |       |       |       |       |       |       |    29 |    53 |    43 ||   125
       Apportation       |       |       |       |       |       |       |       |       |     2 ||     2
Invok: Heroism           |       |     4 |    11 |    34 |    61 |    77 |    48 |    56 |    39 ||   330
       Finesse           |       |       |       |       |     2 |    13 |     6 |    13 |     9 ||    43
 Abil: End Transformatio |       |       |       |       |       |    17 |    31 |    53 |    38 ||   139
       Breathe Fire      |       |       |       |       |       |       |     5 |     3 |       ||     8
Evoke: Wand              |       |       |     6 |     6 |    15 |       |       |     5 |     2 ||    34
  Use: Scroll            |     8 |       |     6 |     4 |    15 |     2 |     4 |     6 |    11 ||    56
       Potion            |     2 |       |       |       |     6 |     4 |     5 |     3 |    10 ||    30
 Stab: Sleeping          |    10 |     3 |    23 |    33 |   105 |    97 |    75 |    77 |    76 ||   499
       Distracted        |       |     1 |     1 |     4 |     2 |     4 |     3 |     6 |     4 ||    25
       Invisible         |       |       |       |    32 |   175 |   287 |   136 |    96 |    91 ||   817
       Held in net/web   |       |       |       |       |     3 |       |       |       |       ||     3
       Betrayed ally     |       |       |       |       |     1 |       |       |       |       ||     1
       Confused          |       |       |       |       |     2 |    12 |     5 |     4 |       ||    23
       Petrified         |       |       |       |       |     1 |     2 |     7 |     2 |     3 ||    15
       Petrifying        |       |       |       |       |       |     3 |     3 |       |     3 ||     9
Armor: Skin              |     4 |     3 |    17 |    20 |    33 |    59 |   101 |   186 |    87 ||   510
Dodge: Dodged            |    63 |    79 |   245 |   289 |   645 |  1070 |   727 |  1423 |   798 ||  5339
